[Event "Early-Titled-Tuesday-Blitz-March-05-2024"]
[Site "Chess.com"]
[Date "2024.03.05"]
[Round "8"]
[White "AlexPapasimakopoulos"]
[Black "cristianserban1"]
[Result "1/2-1/2"]
[WhiteElo "2743"]
[BlackElo "2507"]
[TimeControl "180+1"]
[EndTime "9:30:45 PST"]
[Termination "Game drawn by agreement"]

1. d4 Nf6 2. c4 e6 3. Nc3 Bb4 4. Qc2 d5 5. cxd5 exd5 6. Bg5 h6 7.
Bxf6 Qxf6 8. e3 O-O 9. Bd3 Bg4 10. h3 Bh5 11. Qb3 Qd6 12. Ne2 Bxe2 13. Bxe2 Nd7 14. O-O Bxc3 15. bxc3 Rab8 16. a4 c5 17. a5 c4 18. Qa3 Qxa3 19. Rxa3 b5 20. axb6 axb6 21. Rb1 Ra8 22. Rxa8 Rxa8 23. Bg4 Nf6 24. Bf3 Ra3 25. Rxb6 Rxc3 26. Rd6 Rc1+ 27. Kh2 c3 28. Rc6 Kf8 29. Rc5 c2 30. Rc7 Ke8 31. h4 Kd8 32. Rc3 h5 33. g3 Kd7 34. Kg2 Kd6 35. Rc5 g6 36. Rc8 Kd7 37.
Rc3 Kd6 38. Rc5 Ke7 39. Rc6 Kd7 40. Rc5 Kd6 41. Kh2 Ke7 42. Rc3 Kd6 43. Kg2 Ne4 44.
Bxe4 dxe4 45. Rc5 f5 46. Kh2 Kd7 47. Rc3 Kd6 48. Kg2 Kd7 49. Rc5 Kd6 50. Kh2 Kd7 1/2-1/2

[Event "Early-Titled-Tuesday-Blitz-March-05-2024"]
[Site "Chess.com"]
[Date "2024.03.05"]
[Round "8"]
[White "Azalea95"]
[Black "crazy_m_attack"]
[Result "1-0"]
[WhiteElo "2377"]
[BlackElo "2475"]
[TimeControl "180+1"]
[EndTime "9:30:45 PST"]
[Termination "Azalea95 won on time"]

1. e4 e5 2. Nf3 Nc6 3. Bc4 Nf6 4.
Ng5 d5 5. exd5 Na5 6. Bb5+ c6 7. dxc6 bxc6 8. Bd3 Ng4 9. Ne4 f5 10. Be2 h5 11. h3 fxe4 12. hxg4 Bc5 13. b4 Qd4 14. bxc5 O-O 15. O-O Qxa1 16. Nc3 e3 17. gxh5 exf2+ 18. Kh2 Be6 19. Bf3 Rad8 20. Qe2 Bc4 21. d3 Qxc3 22.
dxc4 Qxc4 23. Qxf2 e4 24. Be2 Qxc2 25. Qe1 Rxf1 26.
Qxf1 Rf8 27. Qe1 Qxc5 28. h6 g6 29. Qg3 Qf5 30. Ba3 Rf7 31. Bb4 Nb7 32. Bc4 Qh5+ 33. Qh3 Qxh3+ 34. Kxh3 c5 35. h7+ Kxh7 36. Bxf7 cxb4 37.
Bd5 Nc5 38. Kg3 a5 39. Kf4 a4 40. Ke3 b3 41. axb3 axb3 42. Kd4 b2 43. Ba2 1-0

[Event "Early-Titled-Tuesday-Blitz-March-05-2024"]
[Site "Chess.com"]
[Date "2024.03.05"]
[Round "8"]
[White "Willi_Skibbe"]
[Black "bazar-wokzal"]
[Result "0-1"]
[WhiteElo "2299"]
[BlackElo "2569"]
[TimeControl "180+1"]
[EndTime "9:30:45 PST"]
[Termination "bazar-wokzal won by resignation"]

1. c4 e5 2. Nc3 Nf6 3. Nf3 e4 4.
Ng5 c6 5. Ngxe4 Nxe4 6. Nxe4 d5 7.
cxd5 cxd5 8. Ng3 h5 9. e3 h4 10.
Ne2 Nc6 11. h3 Bf5 12. Qa4 Qd7 13. Nd4 Bc5 14. Nxc6 bxc6 15. b3 d4 16. Ba3 dxe3 17. dxe3 Rd8 18. Be2 Qd2+ 19. Kf1 Bxa3 20. Qxa3 Rh6 21.
Qc1 Rhd6 22. f3 Qxc1+ 23. Rxc1 Rd2 24. e4 Be6 25. Kf2 Rxa2 26. Rxc6 Rdd2 27. Re1 Bxb3 28.
Ke3 a5 29. Rc8+ Kd7 30. Rh8 g5 31. Bb5+ Ke7 32. Re2 Rxe2+ 33. Bxe2 a4 34. Rg8 f6 35. Rg7+ Kd6 36. Ra7 Rb2 37. Ra6+ Ke7 38. Ra7+ Kd6 39. Ra6+ Ke7 40. Ra7+ Kf8 41. Bf1 Ra2 42. Be2 Be6 43. Bf1 Ra1 44. Be2 a3 45. Kd2 a2 46. Ke3 Rc1 47. Ra8+ Kg7 48. Ra7+ Kh6 49. f4 gxf4+ 50. Kxf4 a1=Q 51. Rxa1 Rxa1 0-1

[Event "Early-Titled-Tuesday-Blitz-March-05-2024"]
[Site "Chess.com"]
[Date "2024.03.05"]
[Round "8"]
[White "JonSnowNW1"]
[Black "IlanSchnaider"]
[Result "0-1"]
[WhiteElo "2529"]
[BlackElo "2656"]
[TimeControl "180+1"]
[EndTime "9:30:46 PST"]
[Termination "IlanSchnaider won on time"]

1. c4 Nf6 2. Nc3 g6 3. g3 Bg7 4.
Bg2 O-O 5. d3 Nc6 6. e4 e5 7. Nge2 d6 8. O-O Nd7 9. f4 exf4 10.
Nxf4 Nd4 11. Be3 Nc5 12. Qd2 c6 13. Rf2 Nce6 14. Raf1 Nxf4 15. Bxf4 Be6 16. Bh6 b5 17. Bxg7 Kxg7 18. Qe3 Qb6 19. cxb5 cxb5 20. a3 Rad8 21. Kh1 Qc5 22. Ne2 Nxe2 23. Qxe2 Qd4 24. Qd2 Rc8 25.
Rf4 Bb3 26. Rh4 h5 27. Qg5 Rc5 28. Qd2 Rc2 29. Qf4 Qxb2 30. Bf3 Rf2 31. Rg1 Be6 32. Qe3 Rh8 33. Bg2 Rc2 34. e5 Qxe5 35. Re4 Qb2 36.
Qf4 Rxg2 37. Rxg2 Qa1+ 38. Rg1 Qxa3 39. Qxd6 Qxd6 0-1

[Event "Early-Titled-Tuesday-Blitz-March-05-2024"]
[Site "Chess.com"]
[Date "2024.03.05"]
[Round "8"]
[White "BilicVladimir"]
[Black "Boorchess"]
[Result "1/2-1/2"]
[WhiteElo "2617"]
[BlackElo "2522"]
[TimeControl "180+1"]
[EndTime "9:30:46 PST"]
[Termination "Game drawn - insufficient material"]

1. e4 e5 2. Nf3 Nf6 3. d4 Nxe4 4. Bd3 d5 5. Nxe5 Nd7 6. Nxd7 Bxd7 7. O-O Bd6 8. c4 c6 9. cxd5 cxd5 10. Qh5 O-O 11. Qxd5 Bc6 12. Qh5 g6 13. Qh6 Re8 14. Nc3 Bf8 15.
Qf4 Qxd4 16. Bxe4 Bxe4 17. Rd1 Qe5 18. Qxe5 Rxe5 19. Bf4 Ree8 20. Nxe4 Rxe4 21. Be3 Rb4 22. b3 a5 23. Rd3 a4 24. Rb1 axb3 25. axb3 Rb5 26. g3 h5 27. Rc1 Bg7 28. Rc7 Be5 29. Rcd7 Ra3 30. Re7 Bf6 31. Re8+ Kg7 32. Rd7 Raxb3 33.
Rc8 Be5 34. Rdd8 Kf6 35. h4 Rc3 36. Bg5+ Ke6 37. Re8+ Kf5 38. Rxe5+ Rxe5 39. Rxc3 f6 40. Be3 b5 41. Rc5 Rxc5 42. Bxc5 g5 43. hxg5 fxg5 44.
Kg2 g4 45. Kf1 Ke4 46. Ke2 Kd5 47.
Be7 Ke4 48. Bf6 Kf5 49. Bc3 Ke4 50. Bb4 Kd4 51. Ba5 Ke4 52. Bd2 Kd4 53. f4 gxf3+ 54. Kxf3 Ke5 55. Bb4 Kf5 56. Bd6 Ke6 57. Bb4 Kf5 58.
Bc3 Kg5 59. Bd2+ Kf5 60. Kg2 Kg4 61. Bb4 h4 62. gxh4 Kxh4 63. Kf3 Kh5 64. Ke4 Kh4 65.
Kd5 Kh5 66. Kc5 Kh4 67. Kxb5 1/2-1/2

[Event "Early-Titled-Tuesday-Blitz-March-05-2024"]
[Site "Chess.com"]
[Date "2024.03.05"]
[Round "8"]
[White "GaiozNigalidze"]
[Black "Arystanner"]
[Result "0-1"]
[WhiteElo "2702"]
[BlackElo "2896"]
[TimeControl "180+1"]
[EndTime "9:30:47 PST"]
[Termination "Arystanner won by checkmate"]

1. d4 d5 2. c4 e6 3. cxd5 exd5 4. Nc3 c5 5. Nf3 Nc6 6. g3 c4 7. Bg2 Be7 8. O-O Nf6 9. Ne5 O-O 10. Nxc6 bxc6 11. b3 cxb3 12. axb3 Re8 13. Ba3 Bxa3 14.
Rxa3 Bg4 15. Qc2 Qe7 16. Ra2 Qb4 17. Ra4 Qb6 18. e3 h5 19. h3 Be6 20. Rfa1 Rab8 21. R1a3 Re7 22. Ra6 Qc7 23. Na4 Bd7 24. Nc5 Bc8 25.
R6a5 Rb6 26. Qa2 a6 27. Nxa6 Bxa6 28. Rxa6 Rxa6 29. Rxa6 Qb7 30. Qa4 Rc7 31. b4 g6 32.
Qa5 Kg7 33. Qb6 Qc8 34. b5 Nd7 35. Qa5 cxb5 36. Qxb5 Nf6 37. Ra1 h4 38. gxh4 Qh8 39. Bxd5 Qxh4 40. Bg2 Rc2 41. Rf1 Rd2 42. Qe5 Kg8 43.
d5 Nh5 44. Qb8+ Kg7 45. Qe5+ Kg8 46. Qc3 Ra2 47. Qd3 Qd8 48. d6 Nf6 49. Rd1 Qd7 50. Qd4 Ne8 51. Bc6 Qf5 52. d7 Qxf2+ 53. Kh1 Qh2# 0-1

[Event "Early-Titled-Tuesday-Blitz-March-05-2024"]
[Site "Chess.com"]
[Date "2024.03.05"]
[Round "8"]
[White "Meri-Arabidze"]
[Black "djano"]
[Result "0-1"]
[WhiteElo "2690"]
[BlackElo "2568"]
[TimeControl "180+1"]
[EndTime "9:30:47 PST"]
[Termination "djano won by resignation"]

1. Nf3 Nf6 2. b3 d6 3. Bb2 e5 4. c4 Be7 5. g3 O-O 6. Bg2 c5 7. O-O Nc6 8. d3 h6 9. a3 Bf5 10. Nc3 Qd7 11. Nd5 Nxd5 12. cxd5 Nd4 13. Nd2 Bg4 14.
f3 Bh3 15. e3 Bxg2 16. Kxg2 Nf5 17. Re1 Bg5 18. Kf2 Nxe3 19. Rxe3 Bxe3+ 20. Kxe3 Qh3 21. Qg1 f5 22. Ke2 b5 23. Rf1 Qh5 24. Rf2 Qf7 25.
g4 Qxd5 26. gxf5 Rxf5 27. Qg4 Rf4 28. Qg6 Raf8 29. Bc1 c4 30. bxc4 bxc4 31. dxc4 Rxc4 32. Nxc4 Qxc4+ 33. Kd1 Qd4+ 34. Ke1 Qc3+ 35. Bd2 Qxa3 36. Ke2 Rf6 37. Qe8+ Kh7 38. h4 Qb3 39. h5 Qc4+ 40. Ke1 d5 41. Qxe5 d4 42. Qe4+ Kh8 43. Qe8+ Kh7 44. Qe4+ Kh8 45. f4 Re6 46. Re2 Rxe4 47.
Rxe4 Qd3 48. Re8+ Kh7 49. Re7 Qg3+ 50. Kd1 Qg4+ 51. Kc1 Qxh5 52. Rxa7 Qc5+ 53. Kd1 Qxa7 0-1

[Event "Early-Titled-Tuesday-Blitz-March-05-2024"]
[Site "Chess.com"]
[Date "2024.03.05"]
[Round "8"]
[White "chess94cu"]
[Black "Muracle"]
[Result "0-1"]
[WhiteElo "2633"]
[BlackElo "2539"]
[TimeControl "180+1"]
[EndTime "9:30:47 PST"]
[Termination "Muracle won by resignation"]

1. e4 c6 2. d4 d5 3. Nc3 dxe4 4.
Nxe4 Nf6 5. Nxf6+ exf6 6. c3 Bd6 7. Bd3 O-O 8. Qc2 Re8+ 9. Ne2 h5 10. Be3 Be6 11.
O-O Nd7 12. Bf4 Nf8 13. Qd2 Ng6 14. Bxd6 Qxd6 15. Rfe1 Bd5 16. c4 Be4 17. Rad1 Nh4 18. Bxe4 Rxe4 19. Ng3 Rg4 20. b3 f5 21. d5 f4 22. dxc6 Qxc6 23. Qd5 fxg3 24. hxg3 Qxd5 25.
Rxd5 Ng6 26. Rxh5 Rd8 27. Kh2 Rgd4 28. Rc5 Rd2 29. f3 Rxa2 30. Rc7 b6 31. Kh3 f6 32. f4 Ra3 33. Re3 a5 34. Rb7 Rd6 35. Re8+ Kh7 36. f5 Ne5 37. Ree7 Rxb3 38. Rxg7+ Kh6 39. Rg8 Rd7 40.
Rbb8 Rg7 41. Kh4 Rb4 42. g4 Rxc4 43. Rh8+ Rh7 44. Rxh7+ Kxh7 45. Kh5 Rxg4 46. Rxb6 Rg5+ 47. Kh4 Rxf5 48. Ra6 Kg6 49. Rxa5 Nf3+ 50. gxf3 Rxa5 0-1

[Event "Early-Titled-Tuesday-Blitz-March-05-2024"]
[Site "Chess.com"]
[Date "2024.03.05"]
[Round "8"]
[White "Hope_6"]
[Black "SnekkerAndersen"]
[Result "0-1"]
[WhiteElo "2807"]
[BlackElo "2664"]
[TimeControl "180+1"]
[EndTime "9:30:48 PST"]
[Termination "SnekkerAndersen won by resignation"]

1. e4 e6 2. d4 d5 3. e5 c5 4. c3 Nc6 5. Nf3 Bd7 6. Be2 f6 7. O-O fxe5 8. dxe5 Qc7 9. Bf4 Nh6 10.
Na3 a6 11. Nc2 Nf7 12. Re1 O-O-O 13. Bf1 Rg8 14. h4 g6 15. b4 h6 16. bxc5 Bxc5 17. Ncd4 g5 18. hxg5 hxg5 19. Bg3 Kb8 20. Nxc6+ Bxc6 21. Nd4 Bxd4 22. cxd4 Nh6 23. Bd3 Rdf8 24. Rb1 Ka8 25.
Qh5 Nf5 26. Qg4 Qh7 27. f3 Qe7 28. Rb3 Ba4 29. Rb6 Nxg3 30. Qxg3 Qa3 31. Bxa6 Ka7 32. Rxb7+ Kxa6 33. Reb1 Qe3+ 34. Qf2 Qxf2+ 35. Kxf2 Bc2 36. R1b6+ Ka5 37. Rb2 Bd3 38. R2b3 Ka6 39. R7b4 Ka5 40. Rb7 Ka6 41. R7b6+ Ka7 42. Rxe6 Bc4 43. Re7+ Ka6 44. Re6+ Ka5 45. Rb7 Rb8 46. Ra7+ Kb4 47. Rc6 Kc3 48. e6 Kxd4 49. e7 Rge8 50. Rg6 Rb2+ 51.
Kg3 Rxa2 52. Rxg5 Rxa7 0-1

[Event "Early-Titled-Tuesday-Blitz-March-05-2024"]
[Site "Chess.com"]
[Date "2024.03.05"]
[Round "8"]
[White "GianmarcoVaR"]
[Black "Jumbo"]
[Result "1-0"]
[WhiteElo "2771"]
[BlackElo "2911"]
[TimeControl "180+1"]
[EndTime "9:30:49 PST"]
[Termination "GianmarcoVaR won on time"]

1. e4 c5 2. Nf3 e6 3. d4 cxd4 4. Nxd4 Nc6 5. Nc3 Qc7 6. Qd3 Nf6 7. Be2 a6 8. Nxc6 bxc6 9. Qg3 Qxg3 10. hxg3 d5 11. Bd3 a5 12. Bd2 Ba6 13. f3 Nd7 14. Bxa6 Rxa6 15. O-O-O Be7 16. g4 O-O 17. Be3 Rb8 18.
Na4 Rb7 19. g5 Ra8 20. b3 dxe4 21. fxe4 Ne5 22. Bf4 Ng6 23. Be3 Rb5 24. Rh5 h6 25.
Rdh1 Bxg5 26. Bxg5 Rxg5 27. Rxg5 hxg5 28. Rd1 Nf4 29. Rd2 f5 30. Nc5 Kf7 31. exf5 exf5 32. Rd7+ Kg8 33. Kd2 Re8 34. g3 Nh5 35. g4 fxg4 36.
Rd4 Nf4 37. Ne4 Ne6 38. Rc4 Kf7 39. Ke3 Kg6 40. Kf2 Nf4 41. Rxc6+ Kh5 42. Ng3+ Kh4 43.
Nf5+ Kh3 44. Nxg7 g3+ 45. Kf3 g2 46. Rh6+ 1-0

[Event "Early-Titled-Tuesday-Blitz-March-05-2024"]
[Site "Chess.com"]
[Date "2024.03.05"]
[Round "8"]
[White "Zhigalko_Sergei"]
[Black "Incognito_Knight"]
[Result "1-0"]
[WhiteElo "2901"]
[BlackElo "2716"]
[TimeControl "180+1"]
[EndTime "9:30:49 PST"]
[Termination "Zhigalko_Sergei won on time"]

1. e4 c5 2. Nf3 e6 3. c3 d5 4.
e5 d4 5. Bd3 Bd7 6. O-O Nc6 7. Re1 Nge7 8. Na3 Ng6 9. g3 Be7 10.
h4 f6 11. exf6 gxf6 12. Be4 f5 13. Bc2 e5 14. h5 e4 15. hxg6 hxg6 16. d3 exf3 17.
Qxf3 Ne5 18. Rxe5 Bc6 19. Ba4 Bxa4 20. Qxb7 Rb8 21. Rxe7+ Qxe7 22. Qxb8+ Kf7 23. Bg5 Rxb8 24. Bxe7 Kxe7 25. cxd4 Bc6 26. Re1+ Kf6 27. dxc5 Rh8 28.
f4 Rh1+ 29. Kf2 Rh2+ 30. Ke3 Rxb2 31. Nc4 Rg2 32. Ne5 Rxg3+ 33. Kd4 Ba4 34. c6 Bxc6 35. Nxc6 Rf3 36. Kc5 Rxd3 37. Rf1 Ra3 38. Rf2 g5 39. fxg5+ Kxg5 40. Nd4 Kg4 41. Kb4 Ra6 42. Nxf5 Rb6+ 43. Kc5 Rb1 44. Ne3+ Kg5 45. Rf7 a5 46. Ra7 Re1 47. Nc4 1-0

[Event "Early-Titled-Tuesday-Blitz-March-05-2024"]
[Site "Chess.com"]
[Date "2024.03.05"]
[Round "8"]
[White "Volodar_Murzin"]
[Black "Hikaru"]
[Result "1-0"]
[WhiteElo "2980"]
[BlackElo "3259"]
[TimeControl "180+1"]
[EndTime "9:30:50 PST"]
[Termination "Volodar_Murzin won by resignation"]

1. d4 Nf6 2. Nf3 b6 3. Bg5 Bb7 4. Nbd2 d6 5. Bxf6 gxf6 6. e4 e6 7. Bd3 Nd7 8. Qe2 a6 9. O-O-O c5 10. Kb1 Qc7 11. c4 O-O-O 12. d5 Re8 13. Qf1 Bg7 14.
h4 Kb8 15. h5 Bh6 16. Rh3 Rhg8 17. Ka1 Bc8 18. Nb1 Ne5 19. Nc3 Nxd3 20. Rxd3 f5 21. exf5 exf5 22. Rh1 Bg7 23. Qc1 Bf6 24. g3 Rg4 25.
Nd2 Bd7 26. Nd1 b5 27. Ne3 Rd4 28. Rb3 b4 29. Nc2 Rg4 30. Re3 Reg8 31. Rf3 a5 32. Ne3 R4g5 33. Ne4 Be5 34. Nxg5 Rxg5 35. Ng2 h6 36.
Nf4 a4 37. Kb1 Qd8 38. Re1 Qf6 39. a3 b3 40. Nd3 Bd4 41. Nf4 Rg8 42. Qd2 Kb7 43.
Rd3 Be5 44. Rde3 Qd8 45. Rxe5 dxe5 46. Rxe5 Qf6 47. Qe3 Rg4 48. Re7 Qd6 49. Qe5 Qxe5 50.
Rxe5 Kc7 51. Re7 Rg7 52. Ne6+ Kd6 53. Rxd7+ 1-0

[Event "Early-Titled-Tuesday-Blitz-March-05-2024"]
[Site "Chess.com"]
[Date "2024.03.05"]
[Round "8"]
[White "AttackSparrow"]
[Black "ninguno46"]
[Result "1-0"]
[WhiteElo "2650"]
[BlackElo "2527"]
[TimeControl "180+1"]
[EndTime "9:30:50 PST"]
[Termination "AttackSparrow won on time"]

1. Nf3 c5 2. e3 g6 3. d4 Qc7 4. Be2 Bg7 5. h3 Nf6 6. O-O O-O 7.
c3 d6 8. b3 b6 9. a4 a6 10.
Bb2 Bb7 11. Nbd2 Nbd7 12. Qb1 Bc6 13. b4 Bb7 14. Rc1 Rfc8 15. a5 b5 16. c4 bxc4 17.
bxc5 dxc5 18. Bxc4 e6 19. Qa2 Qd8 20. Rd1 cxd4 21.
Nxd4 Bd5 22. Bxd5 Nxd5 23. Ne4 Rab8 24. Rab1 Qc7 25. Ng5 Nc5 26. Rbc1 Qb7 27. Ba3 Na4 28. Ndxe6 fxe6 29. Nxe6 Nac3 30. Qd2 Nxd1 31. Rxd1 Nc3 32. Rf1 Qf7 33. Nxg7 Qxg7 34. Qd6 Qf7 35. Qxa6 Ne4 36. Qd3 Nf6 37. a6 Rd8 38. Qe2 Ra8 39. Bc5 Ne4 40. Bd4 Nd6 41. Rb1 Nf5 42. Bc5 Qd5 43. Qc2 Rdc8 44. Rc1 Rxa6 45. e4 Nd4 46. Qd3 Qd7 47. Qxa6 Ne6 48. Qa2 1-0

[Event "Early-Titled-Tuesday-Blitz-March-05-2024"]
[Site "Chess.com"]
[Date "2024.03.05"]
[Round "8"]
[White "BashirliSaadat"]
[Black "iamanoush"]
[Result "1-0"]
[WhiteElo "2367"]
[BlackElo "2520"]
[TimeControl "180+1"]
[EndTime "9:30:50 PST"]
[Termination "BashirliSaadat won by checkmate"]

1. d4 d5 2. c3 Nf6 3. Nf3 g6 4.
e3 Bg7 5. Bd3 O-O 6. Nbd2 c6 7.
O-O Bg4 8. h3 Bf5 9. Qc2 e6 10.
e4 dxe4 11. Nxe4 Nxe4 12. Bxe4 Bxe4 13. Qxe4 Nd7 14. Bg5 Bf6 15. Bxf6 Nxf6 16. Qe2 Nd5 17. Rad1 b5 18. Ne5 Qd6 19. f4 f6 20. Nd3 Rfe8 21. Rde1 a5 22. Kh1 a4 23. a3 Re7 24.
Qg4 Rae8 25. Rf2 Kh8 26. Rfe2 Kg7 27. g3 Nc7 28. Qf3 Qd5 29. Kg2 Kf7 30. Nb4 Qxf3+ 31. Kxf3 e5 32. Nxc6 e4+ 33. Rxe4 Rxe4 34. Rxe4 Rxe4 35.
Kxe4 Ke6 36. Nb4 f5+ 37. Kd3 Kd6 38. c4 bxc4+ 39. Kxc4 h6 40. h4 h5 41. d5 Ne8 42. Kb5 Nf6 43. Kxa4 Ne4 44. Kb5 Nxg3 45. Kb6 Ne2 46. a4 g5 47. fxg5 f4 48. Nd3 f3 49. g6 Nf4 50. g7 Nxd3 51. g8=Q f2 52. Qg6+ Ke5 53. Qxd3 f1=Q 54. Qxf1 Kd6 55. Qf6+ Kxd5 56.
Qg5+ Kc4 57. Qxh5 Kb3 58. a5 Kb4 59. a6 Kb3 60. a7 Kb4 61. Qc5+ Kb3 62. Qg5 Kc2 63. b4 Kb1 64. b5 Kb2 65. a8=Q Kb3 66. Qf3+ Kb4 67. Qgg4# 1-0

[Event "Early-Titled-Tuesday-Blitz-March-05-2024"]
[Site "Chess.com"]
[Date "2024.03.05"]
[Round "8"]
[White "Szachulec75"]
[Black "Kopytkin"]
[Result "0-1"]
[WhiteElo "2236"]
[BlackElo "2448"]
[TimeControl "180+1"]
[EndTime "9:30:54 PST"]
[Termination "Kopytkin won on time"]

1. Nf3 g6 2. g3 Bg7 3. Bg2 d5 4. d3 c5 5. O-O Nc6 6. Nbd2 e5 7. e4 d4 8. a3 Nge7 9. h3 O-O 10. Nh4 f6 11. Qe1 Be6 12. f4 Bf7 13. Rb1 b5 14.
Nhf3 Rb8 15. fxe5 Nxe5 16. Nxe5 fxe5 17. b4 c4 18. Nf3 h6 19. g4 Rc8 20. Qg3 Qd6 21.
Rf2 Rc6 22. Ne1 g5 23. h4 Bf6 24. hxg5 Bxg5 25. Bxg5 hxg5 26. Nf3 Ng6 27. Nxg5 Nf4 28.
Bf1 cxd3 29. cxd3 Be8 30. Nh3 Bd7 31. Nxf4 exf4 32. Qh4 Qg6 33. Be2 Rc2 34. Bf3 Rc3 35.
Rd1 Be6 36. Rh2 Qg7 37. Rdd2 Rxa3 38. Kg2 a5 39. bxa5 b4 40. g5 b3 41. Rb2 Rxa5 42. Kf2 Rxg5 43. Rg2 Rxg2+ 44. Bxg2 Qg3+ 45. Qxg3+ fxg3+ 46. Kxg3 Rc8 47. e5 Rc2 48. Rb1 b2 49. Be4 Ba2 50. Rg1 b1=Q 51. Rxb1 Bxb1 0-1

[Event "Early-Titled-Tuesday-Blitz-March-05-2024"]
[Site "Chess.com"]
[Date "2024.03.05"]
[Round "8"]
[White "Smoking_Crow"]
[Black "ilqar_74"]
[Result "0-1"]
[WhiteElo "2626"]
[BlackElo "2833"]
[TimeControl "180+1"]
[EndTime "9:30:55 PST"]
[Termination "ilqar_74 won on time"]

1. d4 Nf6 2. c4 g6 3. Nc3 Bg7 4. e4 d6 5. Nf3 O-O 6. Be2 Nbd7 7. O-O e5 8. d5 Qe7 9. b4 a5 10. bxa5 Nc5 11. Qc2 Rxa5 12. Be3 Ng4 13. Bxc5 Rxc5 14. Nd2 Ra5 15. Nb3 Ra8 16. a4 f5 17. Bxg4 fxg4 18. Qe2 h5 19. Nd1 b6 20. Ne3 Bd7 21. a5 bxa5 22.
Nxa5 Qg5 23. Nc6 h4 24. Rab1 Bc8 25. g3 Rf3 26. Rb4 Kh7 27. Rfb1 Ra3 28. Ng2 hxg3 29.
hxg3 Rad3 30. Ne1 Ra3 31. Rb8 Bd7 32. Nxf3 gxf3 33. Qf1 Qh5 34. R1b3 Rxb3 35. Rxb3 Bh3 36. Qxh3 Qxh3 37. Rxf3 Qg4 38. Re3 Bh6 39. Ra3 Qxe4 40. Ra7 Qxc4 41. Rxc7+ Bg7 42. Rd7 Qxd5 43. Nd8 e4 44.
Nf7 Qf5 45. Re7 d5 46. Kg2 d4 47. Nd8 d3 0-1

[Event "Early-Titled-Tuesday-Blitz-March-05-2024"]
[Site "Chess.com"]
[Date "2024.03.05"]
[Round "8"]
[White "Hui_Li_Macau"]
[Black "Pedrada88"]
[Result "1-0"]
[WhiteElo "2394"]
[BlackElo "2534"]
[TimeControl "180+1"]
[EndTime "9:30:56 PST"]
[Termination "Hui_Li_Macau won on time"]

1. e4 e5 2. Nf3 Nf6 3. Nxe5 d6 4. Nf3 Nxe4 5. d3 Nf6 6. d4 d5 7. Bd3 Bd6 8. O-O O-O 9. Bg5 Bg4 10. Nbd2 c6 11. c3 h6 12. Bh4 Re8 13. Qc2 Nbd7 14. Bg3 Bxg3 15. hxg3 a5 16. Rfe1 Qc7 17. Nh4 Nf8 18.
Nf5 Bh5 19. Nf3 Bxf3 20. gxf3 Ne6 21. f4 Nf8 22. Re5 Ng4 23. Ree1 Nd7 24. Qd2 a4 25. a3 Nb6 26. Rxe8+ Rxe8 27. Re1 Qd7 28. Rxe8+ Qxe8 29. Qe2 Qxe2 30. Bxe2 Nf6 31. Nd6 Ne4 32. Nxb7 Nd2 33. Na5 Kf8 34. Nxc6 Ndc4 35. Bxc4 Nxc4 36. Ne5 Nxb2 37.
Kf1 Nd1 38. c4 Nc3 39. c5 Nb5 40. Nd7+ Ke7 41. Nb6 Nxd4 42. Nxa4 Kd7 43. Nb2 Kc6 44. Nd3 Nc2 45. a4 d4 46. Ke2 f6 47. Kf3 Na3 48. Ke4 Nc2 49. a5 1-0

[Event "Early-Titled-Tuesday-Blitz-March-05-2024"]
[Site "Chess.com"]
[Date "2024.03.05"]
[Round "8"]
[White "dianamirza"]
[Black "AEMEffi"]
[Result "0-1"]
[WhiteElo "2011"]
[BlackElo "2325"]
[TimeControl "180+1"]
[EndTime "9:30:56 PST"]
[Termination "AEMEffi won by resignation"]

1. e4 d5 2. exd5 Qxd5 3. Nc3 Qd8 4. d4 Nf6 5. Nf3 g6 6. h3 Bg7 7. Be2 O-O 8. Be3 b6 9. O-O Bb7 10. Qd2 Re8 11. Bc4 e6 12. Bh6 Bh8 13. Ne5 Nbd7 14.
f4 Ne4 15. Nxe4 Bxe4 16. Rae1 f5 17. Bb5 Nxe5 18. Bxe8 Nc4 19. Qb4 Qxd4+ 20. Kh2 Rxe8 21. Rd1 Qc5 22. Qxc5 bxc5 23. Rd7 Ne3 24. Re1 Nxc2 25. Rc1 Bxb2 26. Rb1 Bd4 27. Rxc7 Nb4 28. Rb3 Nxa2 29. Ra3 Nb4 30. Raxa7 Nd5 31. Rxh7 Ne3 32. Bg7 Nf1+ 33.
Kh1 Kxh7 34. Bxd4+ Kh6 35. Bxc5 Ng3+ 36. Kh2 Nf1+ 37.
Kg1 Nd2 38. Be3 Nc4 39. Bd4 e5 40. Bxe5 Nxe5 41. fxe5 Rxe5 42. Ra1 Rd5 43. Kh2 Rd2 44. Rg1 f4 45. Kh1 Kh5 46. Kh2 Kh4 47. Kh1 Kg3 48. h4 Bxg2+ 49. Rxg2+ Rxg2 50. h5 Rh2+ 51. Kg1 gxh5 52.
Kf1 f3 0-1

[Event "Early-Titled-Tuesday-Blitz-March-05-2024"]
[Site "Chess.com"]
[Date "2024.03.05"]
[Round "8"]
[White "Dinosaurio_1975"]
[Black "amylazy"]
[Result "1-0"]
[WhiteElo "2595"]
[BlackElo "2417"]
[TimeControl "180+1"]
[EndTime "9:30:57 PST"]
[Termination "Dinosaurio_1975 won by checkmate"]

1. c4 Nf6 2. Nc3 d5 3. cxd5 Nxd5 4. g3 g6 5. Bg2 Nb6 6. Nf3 Bg7 7. O-O O-O 8. d3 Nc6 9. Be3 e5 10. Rc1 Nd4 11. Re1 c6 12. Na4 Be6 13. Nc5 Bxa2 14. b3 Nd7 15. Bxd4 exd4 16. Nxd7 Qxd7 17. Ra1 Bxb3 18. Qxb3 a5 19. Nd2 b5 20. Rec1 Rfc8 21.
Ne4 Qe7 22. Rc5 a4 23. Qb4 f5 24. Nd2 Bf8 25. Rac1 Qxe2 26. Nf3 a3 27. Qb3+ Kh8 28. R5c2 Qe7 29. Nxd4 Bg7 30. Nxc6 Qd6 31. Nb4 Rxc2 32. Rxc2 Re8 33. Qxa3 Re1+ 34. Bf1 h6 35. Qb3 f4 36. Re2 Rxe2 37. Bxe2 Qe7 38. Bf1 fxg3 39. hxg3 h5 40.
Nd5 Qe6 41. Qxb5 Kh7 42. Nf4 Qg4 43. Be2 Qc8 44. Qg5 Qc6 45. d4 Qd6 46. d5 Bd4 47.
Bd3 Bxf2+ 48. Kxf2 Qc5+ 49. Kg2 Qe3 50. Qxg6+ Kh8 51.
Qh7# 1-0

[Event "Early-Titled-Tuesday-Blitz-March-05-2024"]
[Site "Chess.com"]
[Date "2024.03.05"]
[Round "8"]
[White "Abund"]
[Black "bancsoo"]
[Result "1-0"]
[WhiteElo "2769"]
[BlackElo "2909"]
[TimeControl "180+1"]
[EndTime "9:30:59 PST"]
[Termination "Abund won by checkmate"]

1. e4 e5 2. Nf3 d6 3. d4 exd4 4. Nxd4 Nf6 5. Nc3 Be7 6. g3 O-O 7. Bg2 Re8 8. O-O Bf8 9. h3 c6 10. Re1 a5 11. g4 h6 12. Bf4 Nbd7 13. Qd2 Ne5 14. b3 Qb6 15. Rad1 Qb4 16. Na4 Qxd2 17. Rxd2 b5 18. Nb6 Rb8 19. Nxc8 Rbxc8 20. Nf5 d5 21. Bxe5 Rxe5 22. Rde2 g6 23. Ng3 d4 24. f4 Ree8 25.
e5 Nd5 26. Bxd5 cxd5 27. Rd1 g5 28. Nh5 Rc6 29. f5 Rec8 30. Kf1 Rxc2 31. Rxd4 Rc1+ 32. Kg2 Bc5 33. Rxd5 Rg1+ 34. Kf3 Bb6 35. Nf6+ Kg7 36. Nh5+ Kh8 37. Rd3 Rh1 38. Ke4 Rf1 39. e6 fxe6 40.
fxe6 Kg8 41. Rd7 Re8 42. Rg7+ Kh8 43. Rg6 Kh7 44. Rg7+ Kh8 45. Kd5 Rd1+ 46. Kc6 Bd4 47. Rd7 b4 48. Kb5 Rd3 49. Ka4 Re3 50. Rxe3 Bxe3 51.
Nf6 Rxe6 52. Rh7# 1-0

[Event "Early-Titled-Tuesday-Blitz-March-05-2024"]
[Site "Chess.com"]
[Date "2024.03.05"]
[Round "8"]
[White "FlemingA"]
[Black "NM_Antelacus"]
[Result "1-0"]
[WhiteElo "2445"]
[BlackElo "2276"]
[TimeControl "180+1"]
[EndTime "9:31:00 PST"]
[Termination "FlemingA won on time"]

1. f4 d5 2. Nf3 g6 3. g3 Bg7 4. Bg2 c5 5. O-O Nc6 6. d3 Nf6 7. Nc3 O-O 8. e4 d4 9. Ne2 b6 10. e5 Nd5 11. c4 dxc3 12. Nxc3 Bb7 13. Ng5 Ndb4 14. Be4 Na5 15. a3 Nbc6 16. Be3 Nd4 17. Bxb7 Nxb7 18. Nf3 Na5 19. Bxd4 cxd4 20. Ne4 Qd5 21.
Nfg5 Nb3 22. Rb1 Rac8 23. Rf2 Rc7 24. Qg4 h6 25. Nf3 Rfc8 26. f5 gxf5 27. Qxf5 Rc2 28. Rbf1 Rxf2 29. Rxf2 Qe6 30. Qf4 Nc1 31. Qd2 Qd5 32. Rf1 Nb3 33. Qf4 Rc2 34. Qf5 Qe6 35. Qf4 Rxb2 36. g4 Nc5 37. Ng3 Rb3 38. Nxd4 Qd5 39.
Ndf5 Kf8 40. Nxh6 Bxh6 41. Qxh6+ Ke8 42. Nf5 Nxd3 43. Qe3 Qc5 44. Qxc5 Nxc5 45. Ng7+ Kd7 46. h4 Kc7 47. Kh2 Rxa3 48. Rxf7 Ra2+ 49. Kg3 Rd2 50. h5 Kc6 51. h6 Rd3+ 52. Kh4 Rd1 53. Nh5 Rh1+ 54. Kg5 1-0

[Event "Early-Titled-Tuesday-Blitz-March-05-2024"]
[Site "Chess.com"]
[Date "2024.03.05"]
[Round "8"]
[White "BeautiFullMindChess"]
[Black "AjedrezenMadrid"]
[Result "1-0"]
[WhiteElo "2310"]
[BlackElo "2519"]
[TimeControl "180+1"]
[EndTime "9:31:00 PST"]
[Termination "BeautiFullMindChess won on time"]

1. e4 c5 2. Nf3 e6 3. c3 d5 4. exd5 Qxd5 5. d4 Nf6 6. Na3 a5 7. Nb5 Na6 8. Bf4 cxd4 9. Bd3 dxc3 10. bxc3 Bd7 11. Rb1 Be7 12. c4 Qh5 13. Nd6+ Bxd6 14. Bxd6 Bc6 15. Be2 Qg6 16. Ne5 Qxg2 17. Bf3 Bxf3 18.
Qxf3 Qxf3 19. Nxf3 O-O-O 20. c5 Ne4 21. Bf4 Naxc5 22.
O-O f6 23. Rfc1 Rd5 24. Be3 Kb8 25. Nd4 Rhd8 26. Nc6+ Kc8 27. Nxd8 Kxd8 28. Rb5 Nd3 29. Rxd5+ exd5 30. Rd1 Nb4 31. a3 Nc3 32. Rd2 Nc6 33.
Rd3 Ne2+ 34. Kf1 Nc1 35. Rxd5+ Kc7 36. Bxc1 b6 37. Bf4+ Kb7 38. Rd7+ Ka6 39. Rxg7 Kb5 40. Rxh7 Ka4 41. Rb7 b5 42. Bd6 Nd8 43. Rb8 Nf7 44. Be7 f5 45. h4 Nh6 46. h5 f4 47. Bg5 Nf5 48. Bxf4 Nd4 49. Be3 Nc2 50. h6 1-0